 Dungeon Crawl Stone Soup version 0.29-a0-541-gaf1fc19f1b (webtiles) character file.

Game seed: 16875772900469796707

9 Morbidden the Sneak (level 2, -3/26 HPs)
             Began as a Meteoran Delver on June 2, 2022.
             Was an Initiate of Okawaru.
             Slain by a water moccasin (8 damage)
             ... on level 6 of the Dungeon.
             The game lasted 00:00:45 (113 turns).

Morbidden the Sneak (Meteoran Delver)                Turns: 113, Time: 00:00:46

Health: -3/26      AC:  3    Str: 13    XL:     2   Next: 41%
Magic:  3/3        EV: 12    Int: 11    God:    Okawaru [......]
Gold:   7          SH:  0    Dex: 15    Spells: 1/1 levels left

rFire   . . .      SeeInvis .   a - +0 mace
rCold   . . .      Faith    .   (no shield)
rNeg    . . .      Spirit   .   b - +0 leather armour
rPois   .          Reflect  .   (no helmet)
rElec   .          Harm     .   (no cloak)
rCorr   .          Rampage  .   (no gloves)
Will    .....                   (no boots)
Stlth   +.........              (no amulet)
HPRegen 0.08/turn               (no ring)
MPRegen 0.08/turn               (no ring)

@: lethally poisoned (-3 -> -11), hasted, glowing, very quick
A: sense surroundings 1, otherworldly, glowing, explore regen
a: Renounce Religion


You were on level 6 of the Dungeon.
You worshipped Okawaru.
Okawaru was noncommittal.
You visited 2 branches of the dungeon, and saw 3 of its levels.

You collected 7 gold pieces.

Inventory:

Hand Weapons
 a - a +0 mace (weapon)
Armour
 b - a +0 leather armour (worn)
Wands
 g - a wand of digging (3)
Scrolls
 c - a scroll of fog
 d - a scroll of magic mapping
 e - a scroll of fear


   Skills:
 * Level 3.4 Fighting
 * Level 2.8 Maces & Flails
 * Level 0.4 Armour
 * Level 2.5 Dodging
 + Level 3.8 Stealth
 * Level 0.4 Spellcasting
 * Level 0.5 Invocations


You had one spell level left.
You didn't know any spells.
Your spell library was empty.

Dungeon Overview and Level Annotations

Branches:
Dungeon (6/15)             Temple (1/1) D:5

Altars:
Elyvilon
Hepliaklqana
Kikubaaqudgha
Makhleb
Okawaru
Ru
Sif Muna
Zin


Innate Abilities, Weirdness & Mutations

You passively map a small area around you.
You are easily found by Zot.
You glow in the dark.
You regain HP and MP as you explore.


Message History

You feel very sick.
* * * LOW HITPOINT WARNING * * *
You feel sick.
* * * LOW HITPOINT WARNING * * *
You feel sick.
* * * LOW HITPOINT WARNING * * *
You feel sick.
Unknown command.
* * * LOW HITPOINT WARNING * * *
You feel sick.
Unknown command.
* * * LOW HITPOINT WARNING * * *
You feel sick.
Unknown command.
It was a potion of heal wounds.
You feel much better.
You feel sick. The water moccasin barely misses you.
Unknown command.
You closely miss the water moccasin.
You feel sick. The water moccasin bites you.
You are lethally poisoned!
The water moccasin poisons you!
Unknown command.
You barely miss the water moccasin.
You feel very sick.
The water moccasin completely misses you.
Unknown command.
You hit the water moccasin but do no damage.
You feel sick. The water moccasin closely misses you.
Unknown command.
You sock the water moccasin! You punch the water moccasin.
The water moccasin is moderately wounded.
* * * LOW HITPOINT WARNING * * *
You feel very sick.
The water moccasin bites you but does no damage.
Unknown command.
You hit the water moccasin.
The water moccasin is heavily wounded.
* * * LOW HITPOINT WARNING * * *
You feel sick. The water moccasin bites you!
You die...

, ,
...##.....#
,,,* ,, ##
#.....# , *
* , ,
#.....#* *
, ,, ,
#.....##. ,
, ,
,#........
* + , ,
#.........
, , ,,
#..##.###.
* ,
,#S.##.###
,
,+@.......,
*
,#........,
, #..##..##
, , #+##
..#* * , ,
,, ..+ , ,
.#, , *** *
*


You could see a water moccasin.

Vanquished Creatures
  An adder (D:6)
1 creature vanquished.

Notes
Turn   | Place    | Note
-------+----------+-------------------------------------------
     0 | D:5      | Morbidden the Meteoran Delver began the quest for the Orb.
     0 | D:5      | Reached XP level 1. HP: 19/19 MP: 2/2
     0 | D:5      | Found a staircase to the Ecumenical Temple.
     5 | Temple   | Entered the Ecumenical Temple
    31 | Temple   | Became a worshipper of Warmaster Okawaru
    82 | D:6      | Reached XP level 2. HP: 2/26 MP: 3/3
    95 | D:6      | Noticed a water moccasin
   107 | D:6      | HP: 1/26 [poisoned by a water moccasin]
   113 | D:6      | Slain by a water moccasin

Illustrated notes

Levels and vault maps discovered:
D:5:      mumra_celtic_spiral_tile, layout_basic,
          nicolae_overflow_quartered_altars, minmay_temple_entry_from_below_a,
          minmay_starry_boxes
D:6:      minmay_diamond_boxcup, layout_gridville, xom_teletrap_fun,
          minmay_misc_feat_square, uniq_blork_the_orc, uniq_prince_ribbit1
Temple:   regret_index_temple_sphere_string

Action                   || total
-------------------------++-------
Melee: Mace              ||    16
       Punch             ||     1
  Use: Potion            ||     2
Armor: Leather armour    ||     6
Dodge: Dodged            ||     8

Table legend: (Time is in decaauts)
 A = Elapsed time spent in this place.
 B = Non-inter-level travel time spent in this place.
 C = Inter-level travel time spent in this place.
 D = Time resting spent in this place.
 E = Time spent auto-exploring this place.
 F = Levels seen in this place.
 G = Mean time per level.
                   A        B        C        D        E       F      G
               +--------+--------+--------+--------+--------+-----+--------+
         Total |    113 |     89 |     24 |      0 |      0 |   3 |   37.7 |
       Dungeon |     61 |     61 |      0 |      0 |      0 |   2 |   30.5 |
        Temple |     51 |     27 |     24 |      0 |      0 |   1 |   51.0 |
               +--------+--------+--------+--------+--------+-----+--------+

Top non-repeatable levels by time:
  Temple: 51 daAuts
     D:6: 50 daAuts
     D:5: 11 daAuts
